AoeStats
← niparrara

Arena

510595517Analyzed
1v1 RM · 1d ago on Oct 1, 2026· 31m 23s· 2 players
Game mode
Random Map
Map size
Tiny (2 player)
Population
200
Speed
Normal
Resources
Standard
Victory
Conquest
Starting age
Dark Age
Ending age
Imperial Age
RankedLock teamsTeams togetherTeam positionsShared explorationLock speedFull tech treeHidden civsTurbo modeCheats
Victory
Defeat
🇨🇴 Teutons · Colombia
761
+15
🇨🇱 Saracens · Chile
741
-15
Sopaipleto
11:23 Feudal Age
13:07 Double-Bit Axe
15:01 Horse Collar
18:38 Castle Age
17:05 Stone Mining
18:23 Wheelbarrow
18:07 Gold Mining
18:26 Scale Barding Armor
22:34 Husbandry
25:50 Padded Archer Armor
25:45 Fletching
27:21 Bloodlines
27:38 Heavy Plow
29:14 Ballistics
28:50 Murder Holes
29:41 Wheelbarrow
30:30 Fortified Wall
30:39 Leather Archer Armor
30:38 Bimaristan
niparrara
9:52 Feudal Age
16:34 Castle Age
16:17 Horse Collar
16:24 Double-Bit Axe
19:33 Heavy Plow
19:49 Elite Skirmisher
20:59 Loom
22:21 Town Watch
24:50 Fervor
25:34 Wheelbarrow
25:27 Fletching
25:38 Padded Archer Armor
28:15 Hand Cart
28:00 Town Patrol
28:14 Padded Archer Armor
28:45 Stone Mining
28:45 Gold Mining
30:06 Bloodlines
30:06 Bodkin Arrow
30:26 Leather Archer Armor
33:28 Imperial Age
31:51 Scale Barding Armor
31:56 Forging
Connection lost

Rejoining the realm…

Still unreachable

The connection could not be restored.

Session expired

The server has moved on; the page needs a fresh start.